| TOP OF THE 1ST |
|
Peoria Chiefs batting - Pitching for South Bend Cubs : RHP Steve Vint
|
|
Pitching: RHP Steve Vint
|
|
|
Batting: SHB Hank Arias
|
0-0: DOUBLE (Flyball, 78XD, EV 99.4 MPH) - OUT at third base trying to stretch hit.
|
|
Batting: RHB Tommy Tracy
|
0-0: Ball 1-0: SINGLE (Groundball, 56D, EV 99.4 MPH)
|
|
Batting: SHB Gerardo Macias
|
0-0: Called Strike Tommy Tracy steals 2nd, throwing error, E2 Tommy Tracy to third 0-1: Ground out U3 (Groundball, 34, EV 79.4 MPH) Tommy Tracy scores
|
|
Batting: LHB Dana McDonald
|
0-0: Called Strike 0-1: Ground out 6-3 (Groundball, 6, EV 79.4 MPH)
|
| Top of the 1st over - 1 run, 2 hits, 1 error, 0 left on base; Peoria 1 - South Bend 0 |
| BOTTOM OF THE 1ST |
|
South Bend Cubs batting - Pitching for Peoria Chiefs : RHP Dwain Ashford
|
|
Pitching: RHP Dwain Ashford
|
|
|
Batting: RHB Puluke Konane
|
0-0: Called Strike 0-1: Ball 1-1: Foul Ball, location: 2F 1-2: Foul Ball, location: 2F 1-2: Strikes out swinging
|
|
Batting: RHB Taylor Garofalo
|
0-0: Foul Ball, location: 2F 0-1: Ball 1-1: Fly out, F7 (Flyball, 7S, EV 84.4 MPH)
|
|
Batting: LHB Kwang-chih Men
|
0-0: Ball 1-0: SINGLE (Flyball, 9S, EV 96.2 MPH)
|
|
Batting: RHB Josh Asch
|
0-0: SINGLE (Groundball, 4M, EV 101.2 MPH) (infield hit) Kwang-chih Men to second
|
|
Batting: RHB Han-seung Hah
|
0-0: Foul Ball, location: 2F 0-1: Ball 1-1: Ball 2-1: Ball 3-1: Base on Balls Kwang-chih Men to third Josh Asch to second
|
|
Batting: RHB Denis Rachin
|
0-0: Ground out 6-3 (Groundball, P, EV 85.6 MPH)
|
| Bottom of the 1st over - 0 runs, 2 hits, 0 errors, 3 left on base; Peoria 1 - South Bend 0 |
| TOP OF THE 2ND |
|
Peoria Chiefs batting - Pitching for South Bend Cubs : RHP Steve Vint
|
|
Batting: RHB Jonathan Davis
|
0-0: Called Strike 0-1: Foul Ball, location: 2F 0-2: Ball 1-2: Fly out, F7 (Flyball, 78S, EV 86.2 MPH)
|
|
Batting: RHB Kalidas Mishra
|
0-0: Ball 1-0: Ball 2-0: Ball 3-0: Base on Balls
|
|
Batting: RHB Edgar Landim
|
0-0: Ball Kalidas Mishra steals 2nd base 1-0: Ball Passed Ball! Kalidas Mishra to third 2-0: Ground out 6-3 (Groundball, 6S, EV 88.1 MPH) Kalidas Mishra scores
|
|
Batting: RHB Alex Melgoza
|
0-0: Fly out, F9 (Flyball, 9, EV 81.9 MPH)
|
| Top of the 2nd over - 1 run, 0 hits, 0 errors, 0 left on base; Peoria 2 - South Bend 0 |
| BOTTOM OF THE 2ND |
|
South Bend Cubs batting - Pitching for Peoria Chiefs : RHP Dwain Ashford
|
|
Batting: RHB Juan Bonilla
|
0-0: Ball 1-0: Ball 2-0: Ball 3-0: Foul Ball, location: 2F 3-1: Ground out 5-3 (Groundball, 56, EV 90.0 MPH)
|
|
Batting: RHB Ryan Bush
|
0-0: Called Strike 0-1: Ball 1-1: Ball 2-1: Foul Ball, location: 2F 2-2: Ground out 6-3 (Groundball, 6, EV 82.5 MPH)
|
|
Batting: RHB Hugo Torrez
|
0-0: Ground out 3-1 (Groundball, 34, EV 84.4 MPH)
|
| Bottom of the 2nd over - 0 runs, 0 hits, 0 errors, 0 left on base; Peoria 2 - South Bend 0 |
| TOP OF THE 3RD |
|
Peoria Chiefs batting - Pitching for South Bend Cubs : RHP Steve Vint
|
|
Batting: RHB Richard Riggs
|
0-0: Called Strike 0-1: Ball 1-1: Ball 2-1: Swinging Strike 2-2: Ball 3-2: Foul Ball, location: 2F 3-2: Ground out 5-3 (Groundball, 56, EV 92.5 MPH)
|
|
Batting: SHB Hank Arias
|
0-0: Called Strike 0-1: Ball 1-1: Ball 2-1: Ball 3-1: Base on Balls
|
|
Batting: RHB Tommy Tracy
|
0-0: Foul Ball, location: 2F 0-1: Called Strike Hank Arias steals 2nd base 0-2: Ball 1-2: Ball 2-2: Ball 3-2: DOUBLE (Groundball, 5L, EV 108.8 MPH) Hank Arias scores
|
|
Batting: SHB Gerardo Macias
|
0-0: Called Strike 0-1: Foul Ball, location: 2F 0-2: Ball 1-2: Ball 2-2: Strikes out swinging
|
|
Batting: LHB Dana McDonald
|
0-0: Foul Ball, location: 2F 0-1: Ball 1-1: Fly out, F6 (Popup, 15S, EV 86.2 MPH)
|
| Top of the 3rd over - 1 run, 1 hit, 0 errors, 1 left on base; Peoria 3 - South Bend 0 |
| BOTTOM OF THE 3RD |
|
South Bend Cubs batting - Pitching for Peoria Chiefs : RHP Dwain Ashford
|
|
Batting: RHB Puluke Konane
|
0-0: Foul Ball, location: 2F 0-1: Ball 1-1: DOUBLE (Line Drive, 89XD, EV 106.9 MPH)
|
|
Batting: RHB Taylor Garofalo
|
0-0: Swinging Strike 0-1: Ball 1-1: Foul Ball, location: 2F 1-2: Strikes out looking
|
|
Batting: LHB Kwang-chih Men
|
0-0: Swinging Strike 0-1: Foul Ball, location: 2F 0-2: Ball 1-2: Ball 2-2: Strikes out swinging
|
|
Batting: RHB Josh Asch
|
0-0: Ball 1-0: Called Strike 1-1: SINGLE (Line Drive, 4D, EV 95.0 MPH) Puluke Konane to third Runner from 3rd tries for Home, throw by CF and OUT! 8-2
|
| Bottom of the 3rd over - 0 runs, 2 hits, 0 errors, 1 left on base; Peoria 3 - South Bend 0 |
| TOP OF THE 4TH |
|
Peoria Chiefs batting - Pitching for South Bend Cubs : RHP Steve Vint
|
|
Batting: RHB Jonathan Davis
|
0-0: Ball 1-0: Called Strike 1-1: DOUBLE (Flyball, 89XD, EV 106.2 MPH)
|
|
Batting: RHB Kalidas Mishra
|
0-0: Ball 1-0: Ball 2-0: Called Strike 2-1: Ball 3-1: Base on Balls
|
|
Batting: RHB Edgar Landim
|
0-0: Ball 1-0: Ball 2-0: Foul Ball, location: 2F 2-1: Ball 3-1: Swinging Strike 3-2: Strikes out looking
|
|
Batting: RHB Alex Melgoza
|
0-0: Ball 1-0: Fly out, F9 (Line Drive, 9, EV 108.8 MPH)
|
|
Batting: RHB Richard Riggs
|
0-0: SINGLE (Line Drive, 5L, EV 96.2 MPH) Jonathan Davis to third Kalidas Mishra to second Runner from 3rd tries for Home, SAFE, throw by LF to home
|
|
Batting: SHB Hank Arias
|
0-0: Swinging Strike 0-1: Called Strike 0-2: Strikes out looking
|
| Top of the 4th over - 1 run, 2 hits, 0 errors, 2 left on base; Peoria 4 - South Bend 0 |
| BOTTOM OF THE 4TH |
|
South Bend Cubs batting - Pitching for Peoria Chiefs : RHP Dwain Ashford
|
|
Batting: RHB Han-seung Hah
|
0-0: Ball 1-0: Ball 2-0: Ball 3-0: Base on Balls
|
|
Batting: RHB Denis Rachin
|
0-0: Foul Ball, location: 2F 0-1: SINGLE (Groundball, 6D, EV 101.9 MPH) Han-seung Hah to second
|
|
Batting: RHB Juan Bonilla
|
0-0: Swinging Strike 0-1: Ball 1-1: Ball 2-1: DOUBLE (Flyball, 89XD, EV 105.6 MPH) Han-seung Hah scores Denis Rachin to third
|
|
Batting: RHB Ryan Bush
|
0-0: Ball 1-0: Swinging Strike 1-1: Ball 2-1: Ball 3-1: Swinging Strike 3-2: Foul Ball, location: 2F 3-2: Foul Ball, location: 2F 3-2: Strikes out looking
|
|
Batting: RHB Hugo Torrez
|
0-0: Called Strike 0-1: Ball 1-1: Foul Ball, location: 2F 1-2: Ball 2-2: Ground out 3-1 (Groundball, 34S, EV 78.1 MPH) Denis Rachin scores Juan Bonilla to third
|
|
Batting: RHB Puluke Konane
|
0-0: Called Strike 0-1: Ball 1-1: Swinging Strike 1-2: Strikes out swinging
|
| Bottom of the 4th over - 2 runs, 2 hits, 0 errors, 1 left on base; Peoria 4 - South Bend 2 |
| TOP OF THE 5TH |
|
Peoria Chiefs batting - Pitching for South Bend Cubs : RHP Steve Vint
|
|
Batting: RHB Tommy Tracy
|
0-0: Ball 1-0: Ball 2-0: Ball 3-0: Base on Balls
|
|
Batting: SHB Gerardo Macias
|
0-0: Ball 1-0: Swinging Strike 1-1: Ball 2-1: Ball 3-1: Foul Ball, location: 2F 3-2: SINGLE (Line Drive, 3D, EV 102.5 MPH) Tommy Tracy to second
|
|
Batting: LHB Dana McDonald
|
0-0: Swinging Strike 0-1: Fly out, F4 (Line Drive, 4MD, EV 71.9 MPH)
|
|
Batting: RHB Jonathan Davis
|
0-0: Ball 1-0: Foul Ball, location: 2F 1-1: Called Strike 1-2: Grounds into double play, 6-4-3 (Groundball, 6, EV 106.2 MPH)
|
| Top of the 5th over - 0 runs, 1 hit, 0 errors, 1 left on base; Peoria 4 - South Bend 2 |
| BOTTOM OF THE 5TH |
|
South Bend Cubs batting - Pitching for Peoria Chiefs : RHP Dwain Ashford
|
|
Batting: RHB Taylor Garofalo
|
0-0: Ball 1-0: Fly out, F3 (Line Drive, 3, EV 64.4 MPH)
|
|
Batting: LHB Kwang-chih Men
|
0-0: Ball 1-0: Called Strike 1-1: Foul Ball, location: 2F 1-2: SINGLE (Groundball, 6S, EV 69.4 MPH) (infield hit)
|
|
Batting: RHB Josh Asch
|
0-0: Ball 1-0: Called Strike 1-1: Called Strike 1-2: DOUBLE (Line Drive, 9LS, EV 110.6 MPH) Kwang-chih Men to third
|
|
Batting: RHB Han-seung Hah
|
0-0: Called Strike 0-1: Foul Ball, location: 2F 0-2: Strikes out looking
|
|
Batting: RHB Denis Rachin
|
0-0: Ball 1-0: Ball 2-0: Ball 3-0: Base on Balls
|
|
Batting: RHB Juan Bonilla
|
0-0: Ball 1-0: Ball 2-0: Swinging Strike 2-1: Fielders Choice at 2nd, 5-4 (Groundball, 56, EV 102.5 MPH)
|
| Bottom of the 5th over - 0 runs, 2 hits, 0 errors, 3 left on base; Peoria 4 - South Bend 2 |
| TOP OF THE 6TH |
|
Peoria Chiefs batting - Pitching for South Bend Cubs : RHP Steve Vint
|
|
Pitching: RHP Angel Pesina
|
|
|
Batting: RHB Kalidas Mishra
|
0-0: Ball 1-0: Called Strike 1-1: Ball 2-1: Foul Ball, location: 2F 2-2: Ball 3-2: Ground out 5-3 (Groundball, 56, EV 93.1 MPH)
|
|
Batting: RHB Edgar Landim
|
0-0: Foul Ball, location: 2F 0-1: Called Strike 0-2: Strikes out swinging
|
|
Batting: RHB Alex Melgoza
|
0-0: Ball 1-0: Ball 2-0: Ball 3-0: Ground out 6-3 (Groundball, 6M, EV 91.9 MPH)
|
| Top of the 6th over - 0 runs, 0 hits, 0 errors, 0 left on base; Peoria 4 - South Bend 2 |
| BOTTOM OF THE 6TH |
|
South Bend Cubs batting - Pitching for Peoria Chiefs : RHP Dwain Ashford
|
|
Pitching: RHP Frank Schulman
|
|
|
Batting: RHB Ryan Bush
|
0-0: Fly out, F8 (Flyball, 89XD, EV 103.1 MPH)
|
|
Batting: RHB Hugo Torrez
|
0-0: Foul Ball, location: 2F 0-1: SINGLE (Groundball, 4MD, EV 106.9 MPH)
|
|
Batting: RHB Puluke Konane
|
0-0: Called Strike 0-1: SINGLE (Line Drive, 34, EV 103.8 MPH) Hugo Torrez to second Runner from 2nd tries for 3rd, OUT! 9-5
|
|
Batting: RHB Taylor Garofalo
|
0-0: Called Strike 0-1: Foul Ball, location: 2F 0-2: DOUBLE (Line Drive, 7LD, EV 102.5 MPH) Puluke Konane to third Runner from 3rd tries for Home, SAFE, throw by LF to home
|
|
Batting: LHB Kwang-chih Men
|
0-0: Called Strike 0-1: Ground out U3 (Groundball, 34, EV 86.9 MPH)
|
| Bottom of the 6th over - 1 run, 3 hits, 0 errors, 1 left on base; Peoria 4 - South Bend 3 |
| TOP OF THE 7TH |
|
Peoria Chiefs batting - Pitching for South Bend Cubs : RHP Angel Pesina
|
|
Batting: RHB Richard Riggs
|
0-0: Reached on error, E5 (Groundball, 56, EV 87.5 MPH)
|
|
Batting: SHB Hank Arias
|
0-0: Called Strike Richard Riggs is caught stealing 2nd base 2-6 0-1: Called Strike 0-2: Ball 1-2: SINGLE (Groundball, 56, EV 98.8 MPH) (infield hit)
|
|
Batting: RHB Tommy Tracy
|
0-0: Called Strike 0-1: Ball 1-1: Called Strike 1-2: Ball 2-2: Ball 3-2: Reached on error, E5 (Groundball, 25, EV 88.8 MPH) Hank Arias to second
|
|
Batting: SHB Gerardo Macias
|
0-0: Swinging Strike 0-1: Ball 1-1: Called Strike 1-2: Ball 2-2: Ball 3-2: Strikes out swinging
|
|
Pitching: LHP Tom Mooney
|
|
|
Batting: LHB Dana McDonald
|
0-0: Called Strike 0-1: Ball 1-1: Fly out, F7 (Flyball, 78S, EV 80.0 MPH)
|
| Top of the 7th over - 0 runs, 1 hit, 2 errors, 2 left on base; Peoria 4 - South Bend 3 |
| BOTTOM OF THE 7TH |
|
South Bend Cubs batting - Pitching for Peoria Chiefs : RHP Frank Schulman
|
|
Batting: RHB Josh Asch
|
0-0: Ball 1-0: Foul Ball, location: 2F 1-1: Called Strike 1-2: Ball 2-2: Strikes out swinging
|
|
Batting: RHB Han-seung Hah
|
0-0: Called Strike 0-1: Called Strike 0-2: Ball 1-2: Strikes out swinging
|
|
Batting: RHB Denis Rachin
|
0-0: Ball 1-0: Ball 2-0: SINGLE (Groundball, 56D, EV 111.2 MPH)
|
|
Batting: RHB Juan Bonilla
|
0-0: Called Strike 0-1: Ball 1-1: Ball 2-1: Fly out, F9 (Line Drive, 9, EV 97.5 MPH)
|
| Bottom of the 7th over - 0 runs, 1 hit, 0 errors, 1 left on base; Peoria 4 - South Bend 3 |
| TOP OF THE 8TH |
|
Peoria Chiefs batting - Pitching for South Bend Cubs : LHP Tom Mooney
|
|
Batting: RHB Jonathan Davis
|
0-0: Ball 1-0: Ball 2-0: Ball 3-0: Called Strike 3-1: Foul Ball, location: 2F 3-2: Base on Balls
|
|
Batting: RHB Kalidas Mishra
|
0-0: Ball 1-0: Bunt missed! 1-1: Sac Bunt to P - play at second, runner OUT! 1-6
|
|
Batting: RHB Edgar Landim
|
0-0: Ball Kalidas Mishra steals 2nd base 1-0: Reached on error, E6 (Groundball, 6, EV 77.5 MPH) Kalidas Mishra to third
|
|
Batting: RHB Alex Melgoza
|
0-0: Ball 1-0: Foul Ball, location: 2F 1-1: Fielders Choice at 2nd, 6-4 (Groundball, 6S, EV 89.4 MPH) Kalidas Mishra scores
|
|
Batting: RHB Richard Riggs
|
0-0: Called Strike 0-1: Called Strike 0-2: Strikes out swinging
|
| Top of the 8th over - 1 run, 0 hits, 1 error, 1 left on base; Peoria 5 - South Bend 3 |
| BOTTOM OF THE 8TH |
|
South Bend Cubs batting - Pitching for Peoria Chiefs : RHP Frank Schulman
|
|
Pitching: LHP Jake Richards
|
|
|
Batting: RHB Ryan Bush
|
0-0: Called Strike 0-1: Ball 1-1: Swinging Strike 1-2: Ball 2-2: SINGLE (Groundball, 56D, EV 93.8 MPH)
|
|
Batting: RHB Hugo Torrez
|
0-0: Called Strike 0-1: Swinging Strike 0-2: Ball 1-2: Strikes out swinging
|
|
Batting: RHB Puluke Konane
|
0-0: Fielders Choice at 2nd, 5-4 (Groundball, 56, EV 82.5 MPH)
|
|
Batting: RHB Taylor Garofalo
|
0-0: Ball 1-0: Ball 2-0: Ball 3-0: Called Strike 3-1: Foul Ball, location: 2F 3-2: Strikes out looking
|
| Bottom of the 8th over - 0 runs, 1 hit, 0 errors, 1 left on base; Peoria 5 - South Bend 3 |
| TOP OF THE 9TH |
|
Peoria Chiefs batting - Pitching for South Bend Cubs : LHP Tom Mooney
|
|
Pitching: RHP Rob Craft
|
|
|
Batting: SHB Hank Arias
|
0-0: Called Strike 0-1: Ball 1-1: Ball 2-1: Foul Ball, location: 2F 2-2: Foul Ball, location: 2F 2-2: Ball 3-2: Base on Balls
|
|
Batting: RHB Tommy Tracy
|
0-0: Called Strike 0-1: SINGLE (Groundball, 13, EV 85.6 MPH) (infield hit) Hank Arias to second
|
|
Batting: SHB Gerardo Macias
|
0-0: Ball 1-0: Fly out, F9 (Line Drive, 9LM, EV 92.5 MPH) Runner from 2nd tags up, SAFE at 3rd, no throw by RF
|
|
Batting: LHB Dana McDonald
|
0-0: Called Strike 0-1: Foul Ball, location: 2F 0-2: Ball 1-2: Grounds into double play, 5-4-3 (Groundball, 56, EV 83.1 MPH)
|
| Top of the 9th over - 0 runs, 1 hit, 0 errors, 1 left on base; Peoria 5 - South Bend 3 |
| BOTTOM OF THE 9TH |
|
South Bend Cubs batting - Pitching for Peoria Chiefs : LHP Jake Richards
|
|
Pitching: LHP John Grinter
|
|
|
Now at 2B: Robby Hickman
|
|
|
Now at SS: Richard Riggs
|
|
|
Now in CF: Josh Broome
|
|
|
Now in RF: Hank Arias
|
|
|
Batting: LHB Kwang-chih Men
|
0-0: Ground out 4-3 (Groundball, 4, EV 81.2 MPH)
|
|
Batting: RHB Josh Asch
|
0-0: Foul Ball, location: 2F 0-1: Fly out, F4 (Popup, 4S, EV 70.0 MPH)
|
|
Batting: RHB Han-seung Hah
|
0-0: Ball 1-0: Ground out 6-3 (Groundball, 56D, EV 102.5 MPH)
|
| Bottom of the 9th over - 0 runs, 0 hits, 0 errors, 0 left on base; Peoria 5 - South Bend 3 |
|